 Dungeon Crawl Stone Soup version 0.24.0-13-gcf9b319 (webtiles) character file.

Game seed: 1041676307314856266, levelgen mode: deterministic

108 Fortress the Vexing (level 4, -1/44 HPs)
             Began as an Ogre Arcane Marksman on Jan 13, 2020.
             Slain by Grinder (4 damage)
             ... on level 3 of the Dungeon.
             The game lasted 00:07:43 (3727 turns).

Fortress the Vexing (Ogre Arcane Marksman)          Turns: 3727, Time: 00:07:44

Health: -1/44      AC:  5    Str: 15    XL:     4   Next: 87%
Magic:  5/6        EV: 10    Int: 14    God:
Gold:   67         SH:  0    Dex:  9    Spells: 5/6 levels left

rFire    + . .     SeeInvis .   n - +4 dagger
rCold    + . .     Gourm    .   (no shield)
rNeg     . . .     Faith    .   a - +0 robe
rPois    .         Spirit   .   (helmet restricted)
rElec    .         Reflect  .   j - scarf {rC+ rF+}
rCorr    .         Harm     .   (gloves unavailable)
MR       .....                  (boots unavailable)
Stlth    +.........             (no amulet)
HPRegen  0.14/turn              l - +2 ring of protection
MPRegen  0.10/turn              (no ring)

@: no status effects
A: large, unfitting armour, tough skin 1
a: no special abilities


You were on level 3 of the Dungeon.
You were very hungry.

You visited 1 branch of the dungeon, and saw 3 of its levels.

You collected 67 gold pieces.

Inventory:

Hand Weapons
 e - a +1 hunting sling of freezing
 h - a +0 spear
 n - a +4 dagger (weapon)
Missiles
 d - 2 throwing nets (quivered)
Armour
 a - a +0 robe (worn)
 j - a scarf of resistance (worn)
Jewellery
 l - a +2 ring of protection (left hand)
Scrolls
 b - 4 scrolls of identify {unknown}
 g - 5 scrolls of remove curse {unknown}
 m - a scroll of fog {unknown}
 o - a scroll of enchant armour {unknown}
Comestibles
 f - 9 rations


   Skills:
 + Level 2.7 Fighting
 + Level 3.1 Throwing
 - Level 1.7 Dodging
 + Level 1.5 Spellcasting
 + Level 3.9 Hexes


You had 5 spell levels left.
You knew the following spells:

 Your Spells              Type           Power        Failure   Level  Hunger
a - Corona                Hex            ##.....      4%          1    ##.....

Your spell library contained the following spells:

 Spells                   Type           Power        Failure   Level  Hunger
 Slow                     Hex            ##......     8%          2    ###....
 Inner Flame              Hex/Fire       #.......     32%         3    ####...
 Portal Projectile        Hex/Tloc       #.....       32%         3    ####...
 Cause Fear               Hex            ##........   45%         4    #####..
 Leda's Liquefaction      Hex/Erth       #.........   73%         4    #####..


Dungeon Overview and Level Annotations

Branches:
Dungeon (3/15)

Altars:
The Shining One

Annotations:
D:3 Grinder


Innate Abilities, Weirdness & Mutations

You are too large for most types of armour.
You have tough skin. (AC +1)


Message History

Grinder hits you.
* * * LOW HITPOINT WARNING * * *
You writhe in agony.
* * * LOW HITPOINT WARNING * * *
It was a potion of heal wounds.
You feel much better. Grinder hits you!
It was a potion of magic.
Magic courses through your body.
Grinder says, "There's only one good use for a tongue: cutting it out."
Grinder hits you.
* * * LOW HITPOINT WARNING * * *
You writhe in agony.
* * * LOW HITPOINT WARNING * * *
Casting: Corona (safe; 4% risk of failure)
Confirm with . or Enter, or press ? or * to list all spells.
Aiming: Corona (safe; 4% risk of failure)
Press: ? - help, Shift-Dir - straight line, f/p - Grinder
Aim: Grinder (lightly wounded, chance to defeat MR: 49%) Grinder is outlined in light.
Grinder hits you.
* * * LOW HITPOINT WARNING * * *
You writhe in agony.
You die...

######## #......#
#(.....# ##......#
.(......+ ...#+####
.#(..(<.# #.......#
..^...5.# #.......# #@#
#.......# #####.#
#.......# #...#.#
#.......#
#.#.#.###.#.....###.
#...................
###+#.#.....##'###### +
............##.#### ###.
.......#....##....###...
#.......#....###.........


You could see Grinder.

Vanquished Creatures
  4 adders (D:2)
  An ooze (D:1)
  3 worms (D:2)
  4 dart slugs
  A leopard gecko (D:1)
  3 orcs (D:3)
  4 giant cockroaches
  2 goblins (D:1)
  7 hobgoblins
  4 jackals (D:1)
  4 bats
  A frilled lizard (D:1)
  6 kobolds
  4 rats
48 creatures vanquished.

Notes
Turn   | Place    | Note
-------+----------+-------------------------------------------
     0 | D:1      | Fortress the Ogre Arcane Marksman began the quest for the
                  | Orb.
     0 | D:1      | Reached XP level 1. HP: 19/19 MP: 2/2
   646 | D:1      | Reached XP level 2. HP: 25/27 MP: 3/3
   763 | D:1      | HP: 1/27 [kobold/+0 whip (3)]
  1096 | D:1      | Reached XP level 3. HP: 30/33 MP: 5/5
  2023 | D:2      | Reached XP level 4. HP: 27/44 MP: 6/6
  2299 | D:2      | Found a glowing golden altar of the Shining One.
  3715 | D:3      | Noticed Grinder
  3715 | D:3      | Paralysed by Grinder for 3 turns
  3727 | D:3      | Slain by Grinder

Levels and vault maps discovered:
D:1:      evilmike_arrival_rings, layout_basic, minmay_worlds_worst_comb
D:2:      layout_basic, nicolae_tso_swordbearing_angel
D:3:      layout_basic, grunt_temple_overflow_champion_of_chaos,
          nicolae_overflow_hidden_temple,
          chequers_ecumenical_altar_simple_redux, first_ration, minivault_27,
          uniq_grinder

Skill      XL: |  1  2  3  4 |
---------------+-------------+-----
Hexes          | 3 |  3.9
Fighting       | 2 |  2.7
Throwing       | 3 |  3.1
Dodging        | |  1.7
Spellcasting   | |  1.5

Action                   |  1- 3 |  4- 6 || total
-------------------------+-------+-------++-------
Melee: Unarmed           |    19 |       ||    19
       Spear             |   107 |   102 ||   209
       Dagger            |       |     3 ||     3
Throw: Large rock        |    11 |    13 ||    24
 Cast: Corona            |     2 |     1 ||     3
  Use: Potion            |       |     4 ||     4
 Stab: Sleeping          |     2 |       ||     2
  Eat: Chunk             |     3 |     5 ||     8
Armor: Robe              |    27 |    45 ||    72
Dodge: Dodged            |    59 |    57 ||   116
